 Dungeon Crawl Stone Soup version 0.31-a0-204-g7da18cac08 (webtiles) character file.

Game seed: 13368978485197378841

108 qw the Skirmisher (level 4, -3/25 HPs)
             Began as a Deep Elf Hunter on June 27, 2023.
             Slain by an iguana (9 damage)
             ... on level 3 of the Dungeon.
             The game lasted 00:00:43 (1564 turns).

qw the Skirmisher (Deep Elf Hunter)                 Turns: 1564, Time: 00:00:44

Health: -3/25      AC:  8    Str: 10    XL:     4   Next: 58%
Magic:  6/6        EV: 11    Int: 14    God:
Gold:   114        SH:  0    Dex: 18    Spells: 3/3 levels left

rFire   . . .        Y - +0 shortbow
rCold   . . .        (shield currently unavailable)
rNeg    . . .        c - +2 ring mail {rPois}
rPois   +            (no helmet)
rElec   .            (no cloak)
rCorr   .            a - +0 pair of gloves
SInv    .            (no boots)
Will    .....        (no amulet)
Stlth   +            (no ring)
HPRegen 0.24/turn    (no ring)
MPRegen 0.10/turn

%: no passive effects
@: no status effects
A: no striking features
a: no special abilities


You were on level 3 of the Dungeon.
You visited 1 branch of the dungeon, and saw 3 of its levels.

You collected 114 gold pieces.


   Skills:
 - Level 1.5 Fighting
 + Level 8.0 Ranged Weapons
 - Level 2.4 Dodging
 - Level 1.2 Stealth


You had 3 spell levels left.
You didn't know any spells.
Your spell library was empty.

Inventory:

Hand Weapons
 Y - a +0 shortbow (weapon)
Armour
 a - a +0 pair of gloves (worn)
 c - a +2 ring mail of poison resistance (worn)
Scrolls
 e - a scroll of enchant weapon {unknown}
 f - a scroll of enchant armour {unknown}
Potions
 b - a potion of attraction {unknown}
 d - a potion of magic {unknown}
 h - 2 potions of curing

Dungeon Overview and Level Annotations

Branches:
Dungeon (3/15)

Altars:


Message History

Found a plate armour.
Found a stone staircase leading down.
An iguana comes into view.
Enter note: You shoot an arrow.
The arrow hits the iguana!
The iguana hisses angrily.
The iguana is heavily wounded.
You hear an angry hiss.
An endoplasm comes into view.
A ball python comes into view.
You shoot an arrow. The endoplasm quivers.
The arrow hits the ball python.
The ball python is heavily wounded.
You shoot an arrow. The arrow hits the ball python.
The ball python is severely wounded.
The ball python bites you. The ball python barely misses you.
You shoot an arrow. The arrow hits the ball python.
You kill the ball python!
You shoot an arrow.
The arrow hits the iguana but does no damage.
The iguana is moderately wounded.
You hear an angry hiss.
An adder comes into view.
You shoot an arrow.
The arrow hits the iguana but does no damage.
The iguana is moderately wounded.
The iguana closely misses you. x2
You shoot an arrow. The arrow hits the iguana.
The iguana is heavily wounded.
The iguana bites you! The adder bites you but does no damage.
You shoot an arrow.
The arrow hits the iguana but does no damage.
The iguana is heavily wounded.
The adder misses you. The endoplasm barely misses you. The iguana bites you!
You shoot an arrow. The arrow hits the iguana.
The iguana is severely wounded.
The adder closely misses you. The endoplasm freezes you.
You are frozen.
The iguana bites you!
You die...

#.# ... ..### # #...#
#. #.#.# ##.# #.#.#
#?.S###.#.# .#
#J@...#.# .#
#..l###.#.##### #.#
##.###........# #.#
..............# #.#
...............###.#
#..#####.........#..###
#.. #.......[....... #.
#.........#..##.
..........##..#..


You could see an iguana, an adder and an endoplasm.

Vanquished Creatures
  5 adders
  A worm (D:2)
  2 dart slugs
  4 orcs (D:3)
  4 ball pythons
  2 endoplasms
  2 giant cockroaches (D:1)
  7 goblins
  4 hobgoblins
  3 kobolds (D:1)
  4 quokkas
  5 bats
  6 frilled lizards
  2 rats
51 creatures vanquished.

Notes
Turn   | Place    | Note
-------+----------+-------------------------------------------
     0 | D:1      | qw the Deep Elf Hunter began the quest for the Orb.
     0 | D:1      | Reached XP level 1. HP: 12/12 MP: 3/3
     0 | D:1      | 0 ||| qw: Version: 0.3-a-22-g0ed2b0b
     0 | D:1      | 0 ||| qw: Game counter: 6571
     0 | D:1      | 0 ||| qw: Melee chars always use a shield: true
     0 | D:1      | 0 ||| qw: God list: Okawaru
     0 | D:1      | 0 ||| qw: Allow faded altars: false
     0 | D:1      | 0 ||| qw: Do Orc after clearing Dungeon:15 true
     0 | D:1      | 0 ||| qw: Do second Lair branch before Depths: true
     0 | D:1      | 0 ||| qw: Lair rune preference: random
     0 | D:1      | 0 ||| qw: Goals: Normal
     0 | D:1      | 0 ||| PLANNING D:1-11
    58 | D:1      | Found a faded altar of an unknown god.
    96 | D:1      | Reached XP level 2. HP: 16/16 MP: 4/4
   147 | D:1      | Reached skill level 6 in Ranged Weapons
   599 | D:1      | 599 ||| UPGRADING to +0 scale mail.
   609 | D:1      | 609 ||| DROPPING +0 leather armour.
   610 | D:1      | 610 ||| UPGRADING to +0 ring mail.
   620 | D:1      | 620 ||| DROPPING +0 scale mail.
   621 | D:1      | 621 ||| READING 3 scrolls labelled RAFROW EPIEDGH.
   622 | D:1      | 622 ||| READING scroll labelled GANINU ODEN.
   623 | D:1      | 623 ||| DRINKING 2 viscous red potions.
   624 | D:1      | 624 ||| DROPPING 2 scrolls of fear.
   625 | D:1      | 625 ||| DROPPING scroll of butterflies.
   704 | D:2      | Reached XP level 3. HP: 20/20 MP: 5/5
   753 | D:2      | Reached skill level 7 in Ranged Weapons
  1159 | D:2      | Reached XP level 4. HP: 25/25 MP: 6/6
  1282 | D:2      | 1282 ||| UPGRADING to +0 pair of gloves.
  1287 | D:2      | 1287 ||| UPGRADING to +2 ring mail of poison resistance.
  1297 | D:2      | 1297 ||| DROPPING +0 ring mail.
  1298 | D:2      | 1298 ||| READING scroll labelled WEEMNA KOW.
  1299 | D:2      | 1299 ||| READING scroll labelled AMOEJ NAIDOH.
  1361 | D:3      | 1361 ||| PLANNING SEWER
  1425 | D:3      | HP: 6/25 [orc/+0 dagger (3)]
  1430 | D:3      | HP: 4/25 [orc/boomerang (2)]
  1440 | D:3      | HP: 6/25 [orc/+0 club (1)]
  1486 | D:3      | 1486 ||| FLEEEEING.
  1487 | D:3      | 1487 ||| FLEEEEING.
  1488 | D:3      | 1488 ||| FLEEEEING.
  1490 | D:3      | 1490 ||| STAIRDANCE
  1522 | D:3      | Reached skill level 8 in Ranged Weapons
  1563 | D:3      | HP: 6/25 [iguana (11)]
  1564 | D:3      | Slain by an iguana

Levels and vault maps discovered:
D:1:      co_arrival_square_in_a_square_in_a_square, layout_loops_ring,
          chequers_ecumenical_altar_simple_redux
D:2:      layout_basic, minmay_pentomino_x2
D:3:      layout_loops_ring, kennysheep_vampire_church, portal_sewer_entry_f,
          serial_shops, shop, minmay_surrounded, uniq_grinder

Skill      XL: |  1  2  3  4 |
---------------+-------------+-----
Ranged Weapons | 6 7 8 |  8.0
Fighting       | |  1.5
Dodging        | |  2.4
Stealth        | |  1.2

Action                     |  1- 3 |  4- 6 || total
---------------------------+-------+-------++-------
   Fire: Shortbow          |   109 |    61 ||   170
    Use: Scroll            |     2 |     2 ||     4
         Potion            |     1 |       ||     1
 Armour: Leather armour    |    10 |       ||    10
         Ring mail         |     6 |    37 ||    43
  Dodge: Dodged            |    22 |    49 ||    71

Table legend:
 A = Non-vault XP
 B = Vault XP
 C = Vault XP percentage of total XP
 D = Non-vault monster count
 E = Vault monster count
 F = Vault count percentage of total count
                 A         B        C        D         E       F
            +---------+---------+-------+---------+---------+-------
      Total |     128 |      27 |  17.4 |      44 |       7 |  13.7
            +---------+---------+-------+---------+---------+-------
        D:1 |      31 |       0 |   0.0 |      18 |       0 |   0.0
        D:2 |      69 |       6 |   8.0 |      19 |       2 |   9.5
        D:3 |      28 |      21 |  42.9 |       7 |       5 |  41.7
            +---------+---------+-------+---------+---------+-------
